 Dungeon Crawl Stone Soup version 0.20.1-2-g1830e616b0 (webtiles) character file.

571 Alfie the Shooter (level 7, -1/53 HPs)
             Began as a Human Hunter on Jan 23, 2020.
             Slain by Alfie's ghost (6 damage)
             ... on level 5 of the Dungeon.
             The game lasted 00:17:15 (3461 turns).

Alfie the Shooter (Human Hunter)                    Turns: 3461, Time: 00:17:16

Health: -1/53      AC:  4    Str: 14    XL:     7   Next: 60%
Magic:  7/7        EV: 17    Int: 17    God:
Gold:   231        SH:  0    Dex: 18    Spells: 6/6 levels left

rFire    . . .     SeeInvis .   b - +0 short sword
rCold    . . .     Gourm    .   (no shield)
rNeg     + . .     Faith    .   n - +1 leather armour {rN+}
rPois    .         Spirit   .   (no helmet)
rElec    .         Reflect  .   (no cloak)
rCorr    .         Harm     .   (no gloves)
MR       .....                  (no boots)
Stlth    ++++......             (no amulet)
Regen    0.2/turn               A - ring of stealth
MPRegen  0.1/turn               (no ring)

@: brilliant, agile
A: no striking features
a: no special abilities


You were on level 5 of the Dungeon.
You were hungry.

You visited 1 branch of the dungeon, and saw 5 of its levels.

You collected 231 gold pieces.

Inventory:

Hand Weapons
 a - a +1 shortbow
 b - a +0 short sword (weapon)
Missiles
 d - 35 arrows
 p - 2 needles of confusion
Armour
 n - a +1 leather armour of positive energy (worn)
 t - a scarf of cloud immunity
 y - a +0 pair of gloves
Jewellery
 c - an uncursed ring of positive energy
 w - an uncursed amulet of guardian spirit
 A - a ring of stealth (left hand)
Wands
 i - a wand of acid (9/15)
 s - a wand of random effects (32/48)
Scrolls
 h - 4 scrolls of remove curse
 j - 2 scrolls of fear
 u - 4 scrolls of teleportation
Potions
 k - a potion of flight {unknown}
 l - a potion of degeneration {unknown}
 o - a potion of lignification {unknown}
 r - a potion of cancellation
Comestibles
 f - 4 bread rations
 g - a meat ration


   Skills:
 + Level 3.8 Fighting
 + Level 7.4 Bows
 + Level 1.8 Armour
 + Level 2.3 Dodging
 + Level 1.4 Stealth


You had 6 spell levels left.
You didn't know any spells.

Dungeon Overview and Level Annotations

Branches:
Dungeon (5/15)
 Temple: D:4-7

Altars:
Ashenzari

Shops:
D:4 }

Annotations:
D:5 Alfie's ghost, amateur HuHu


Message History

Alfie's ghost hits you!
You hit Alfie's ghost.
Alfie's ghost is moderately damaged.
Alfie's ghost hits you.
* * * LOW HITPOINT WARNING * * *
You hit Alfie's ghost but do no damage.
Alfie's ghost is moderately damaged.
Alfie's ghost hits you!
* * * LOW HITPOINT WARNING * * *
You feel better. Alfie's ghost hits you!
* * * LOW HITPOINT WARNING * * *
It was a potion of cancellation.
You feel magically purged. Alfie's ghost closely misses you.
It was a potion of agility.
You feel agile all of a sudden. Alfie's ghost completely misses you.
It was a potion of brilliance.
You feel clever all of a sudden. Alfie's ghost hits you.
You die...

#......#.....#
#......#.....#
#.....)#.....#
#......'.....# .
#...)..#.....#
#(##########.....)#####.#
.(.(......)...####....#.##
.......>......#..#....#..#
(.....(..W@...#..'....+..#
..............'..#....#..#
.....#####....#.##....##.#
..>. ########......#.##
... #......#.>. ..
#......#... . #......#...
######......####
#..............#


You could see Alfie's ghost.

Vanquished Creatures
  An ogre (D:4)
  Blork the orc (D:4)
  A bullfrog (D:4)
  A hound (D:4)
  A jelly (D:5)
  An orc priest (D:5)
  Natasha (D:4)
  2 worker ants
  A gnoll (D:1)
  8 adders
  An adder skeleton (D:4)
  5 worms
  4 dart slugs (D:1)
  13 orcs
  6 bats
  4 giant cockroaches
  11 goblins
  5 hobgoblins
  3 jackals (D:4)
  3 quokkas
  5 frilled lizards
  6 kobolds
  9 rats
93 creatures vanquished.

Notes
Turn   | Place    | Note
-------+----------+-------------------------------------------
     0 | D:1      | Alfie the Human Hunter began the quest for the Orb.
     0 | D:1      | Reached XP level 1. HP: 16/16 MP: 1/1
    49 | D:1      | Reached XP level 2. HP: 22/22 MP: 2/2
   269 | D:1      | Reached XP level 3. HP: 27/27 MP: 3/3
   401 | D:1      | Reached skill level 5 in Bows
   426 | D:1      | Found a shattered altar of Ashenzari.
   824 | D:2      | Reached XP level 4. HP: 34/34 MP: 4/4
  1333 | D:2      | Reached XP level 5. HP: 40/40 MP: 5/5
  2394 | D:4      | Noticed Blork the orc
  2403 | D:4      | Killed Blork the orc
  2403 | D:4      | Reached skill level 6 in Bows
  2403 | D:4      | Reached skill level 1 in Armour
  2407 | D:4      | Reached XP level 6. HP: 28/47 MP: 6/6
  2490 | D:4      | Found Qaydeymp's Gadget Boutique.
  2556 | D:4      | Noticed an ogre
  2560 | D:4      | Killed an ogre
  2804 | D:4      | Reached XP level 7. HP: 52/52 MP: 7/7
  2815 | D:4      | Noticed Natasha
  2820 | D:4      | Killed Natasha
  2886 | D:4      | Reached skill level 7 in Bows
  3258 | D:5      | Entered Level 5 of the Dungeon
  3437 | D:5      | Noticed Alfie's ghost (amateur HuHu)
  3461 | D:5      | Slain by Alfie's ghost

Skill      XL: |  1  2  3  4  5  6  7 |
---------------+----------------------+-----
Bows           | 5 6 7 |  7.4
Fighting       | 3 |  3.8
Armour         | 1 |  1.8
Dodging        | |  2.3
Stealth        | |  1.4

Action                   |  1- 3 |  4- 6 |  7- 9 || total
-------------------------+-------+-------+-------++-------
Melee: Short sword       |     4 |       |     7 ||    11
 Fire: Shortbow          |    72 |   169 |    74 ||   315
  Use: Scroll            |     2 |     9 |     1 ||    12
       Potion            |       |     2 |     5 ||     7
  Eat: Meat ration       |       |     1 |       ||     1
       Royal jelly       |       |     1 |       ||     1
Armor: Leather armour    |     1 |    12 |     6 ||    19
Dodge: Dodged            |    10 |    33 |    16 ||    59
